 Dungeon Crawl Stone Soup version 0.26-a0-652-gafc20e3620 (webtiles) character file.

Game seed: 10210108860134376223

27 DoubleLucky the Caller (level 3, -15/20 HPs)
             Began as a Tengu Summoner on Oct 3, 2020.
             Demolished by an ogre
             ... wielding a +0 giant club
              (32 damage)
             ... on level 2 of the Dungeon.
             The game lasted 00:03:05 (1442 turns).

DoubleLucky the Caller (Tengu Summoner)             Turns: 1442, Time: 00:03:05

Health: -15/20     AC:  3    Str:  8    XL:     3   Next: 10%
Magic:  5/7        EV: 13    Int: 16    God:
Gold:   29         SH:  0    Dex: 14    Spells: 3/6 levels left

rFire    . . .     SeeInvis .   g - +0 club
rCold    . . .     Faith    .   (no shield)
rNeg     . . .     Spirit   .   a - +0 robe
rPois    .         Reflect  .   (helmet restricted)
rElec    .         Harm     .   (no cloak)
rCorr    .         Rampage  .   b - +0 pair of gloves
MR       .....                  (boots unavailable)
Stlth    ++........             (no amulet)
HPRegen  0.06/turn              (no ring)
MPRegen  0.10/turn              (no ring)

@: no status effects
A: beak, talons 3
a: no special abilities


You were on level 2 of the Dungeon.
You visited 1 branch of the dungeon, and saw 2 of its levels.

You collected 29 gold pieces.

Inventory:

Hand Weapons
 g - a +0 club (weapon)
Missiles
 e - 18 stones
 n - 9 poisoned darts (quivered)
Armour
 a - a +0 robe (worn)
 b - a +0 pair of gloves (worn)
Jewellery
 f - an uncursed ring of stealth {unknown}
 j - an uncursed amulet of regeneration {unknown}
 p - an uncursed ring of protection from fire {unknown}
Scrolls
 c - a scroll of amnesia {unknown}
 h - a scroll of identify {unknown}
 i - 3 scrolls of remove curse {unknown}
 k - 2 scrolls of enchant armour {unknown}
 m - 2 scrolls of teleportation {unknown}
 o - a scroll of enchant weapon {unknown}
Potions
 d - a potion of degeneration {unknown}
 l - a potion of haste {unknown}
 q - a potion of cancellation {unknown}


   Skills:
 + Level 0.6 Fighting
 + Level 2.6 Dodging
 - Level 2.2 Stealth
 + Level 2.3 Spellcasting
 + Level 5.1 Summonings


You had 3 spell levels left.
You knew the following spells:

 Your Spells              Type           Power        Failure   Level
a - Summon Small Mammal   Summ           ###.         2%          1
b - Call Imp              Summ           ###.....     3%          2

Your spell library contained the following spells:

 Spells                   Type           Power        Failure   Level
 Call Canine Familiar     Summ           ###.....     8%          3
 Summon Guardian Golem    Hex/Summ       ##......     22%         3
 Summon Ice Beast         Ice/Summ       ##......     56%         4
 Summon Lightning Spire   Summ/Air       ##......     56%         4


Dungeon Overview and Level Annotations

Branches:
Dungeon (2/15)

Altars:
Wu Jian


Innate Abilities, Weirdness & Mutations

You have a beak for a mouth.
You have claws for feet.


Message History

The bat closely misses you. The bat misses your rat. The bat barely misses you.
The ogre barely misses your quokka.
Your rat barely misses the ogre.
You hit the bat but do no damage. Your kick misses the bat. The bat hits you.
Your quokka misses the bat. The bat misses your quokka.
Your rat bites the ogre.
The ogre barely misses your quokka.
Your quokka barely misses the bat.
The bat hits you but does no damage.
Your rat bites the ogre.
Your quokka bites the bat but does no damage.
The ogre misses your quokka.
Casting: Summon Small Mammal (safe; 2% risk of failure)
Confirm with . or Enter, or press ? or * to list all spells.
Your rat disappears in a puff of smoke!
The bat closely misses you.
Your rat bites the ogre.
Your quokka bites the bat.
The bat dies!
Your quokka bites the ogre.
There is a stone staircase leading up here.
The ogre hits you with a +0 giant club!!
Ouch! That really hurt!
You die...

#.#.##..### . #.#......)
. #.#..#..# ###
############.#..#..# ..
#..........†.......## .
#.#####...r##.......####
#.#...#<.r.++.....#.....
#.#.#.#rO..##....##.####
#.#<#.#@............. #
#.###.#.##########.... .
#.....#.# #....##
#######.# #..#... ..#
#..#..# ### ....... #


You could see an ogre, 2 friendly quokkas and a friendly rat (summoned).

Vanquished Creatures
  2 leopard geckos (D:1)
  3 giant cockroaches
  A goblin (D:1)
  A hobgoblin (D:1)
  2 bats (D:1)
  3 kobolds (D:1)
  3 rats (D:1)
15 creatures vanquished.

Vanquished Creatures (collateral kills)
  2 dart slugs (D:1)
  A giant cockroach (D:1)
  2 hobgoblins (D:1)
  A ball python (D:1)
  2 bats
  A goblin (D:1)
9 creatures vanquished.

Grand Total: 24 creatures vanquished

Notes
Turn   | Place    | Note
-------+----------+-------------------------------------------
     0 | D:1      | DoubleLucky the Tengu Summoner began the quest for the Orb.
     0 | D:1      | Reached XP level 1. HP: 10/10 MP: 4/4
   323 | D:1      | Reached XP level 2. HP: 15/15 MP: 4/6
   366 | D:1      | Reached skill level 5 in Summonings
  1069 | D:1      | Reached XP level 3. HP: 15/20 MP: 7/7
  1073 | D:1      | Learned a level 2 spell: Call Imp
  1409 | D:2      | Found an ornate altar of the Wu Jian Council.
  1414 | D:2      | Noticed an ogre
  1442 | D:2      | Demolished by an ogre

Illustrated notes

Levels and vault maps discovered:
D:1:      dpeg_arrival_boxorama, layout_loops_ring
D:2:      layout_basic, lemuel_crystal_altar, gammafunk_temple_overflow_claw

Skill      XL: |  1  2 |
---------------+-------+-----
Summonings     | 5 |  5.1
Fighting       | |  0.6
Dodging        | |  2.6
Stealth        | |  2.2
Spellcasting   | |  2.3

Action                   || total
-------------------------++-------
Melee: Club              ||    38
       Unarmed           ||     6
       Kick              ||     7
       Peck              ||     6
Throw: Dart              ||     5
 Cast: Summon Small Mamm ||    28
       Call Imp          ||     3
Armor: Robe              ||    11
Dodge: Dodged            ||    56

Table legend: (Time is in decaauts)
 A = Elapsed time spent in this place.
 B = Non-inter-level travel time spent in this place.
 C = Inter-level travel time spent in this place.
 D = Time resting spent in this place.
 E = Time spent auto-exploring this place.
 F = Levels seen in this place.
 G = Mean time per level.
                   A        B        C        D        E       F      G
               +--------+--------+--------+--------+--------+-----+--------+
         Total |   1453 |   1442 |     11 |      0 |   1176 |   2 |  726.5 |
       Dungeon |   1453 |   1442 |     11 |      0 |   1176 |   2 |  726.5 |
               +--------+--------+--------+--------+--------+-----+--------+

Top non-repeatable levels by time:
     D:1: 1372 daAuts
     D:2: 81 daAuts
